 Dungeon Crawl Stone Soup version 0.31-b1-12-gca42e3d1b8 (webtiles) character file.

Game seed: 13180137988774010785

21 Arctor the Covered (level 2, -21/24 HPs)
             Began as a Human Fighter on Jan 14, 2024.
             Demolished by an ogre
             ... wielding a +0 giant club
              (28 damage)
             ... on level 2 of the Dungeon.
             The game lasted 00:00:27 (1347 turns).

Arctor the Covered (Human Fighter)                  Turns: 1347, Time: 00:00:27

Health: -21/24     AC:  6    Str: 16    XL:     2   Next: 83%
Magic:  2/2        EV:  8    Int:  8    God:
Gold:   80         SH:  4    Dex: 12    Spells: 1/1 levels left

rFire   . . .        a - +0 war axe
rCold   . . .        c - +0 buckler
rNeg    . . .        b - +0 scale mail
rPois   .            (no helmet)
rElec   .            (no cloak)
rCorr   .            (no gloves)
SInv    .            (no boots)
Will    .....        (no amulet) Stlth
                     (no ring)
HPRegen 0.24/turn    (no ring)
MPRegen 0.08/turn

%: no passive effects
@: no status effects
A: explore regen
a: no special abilities


You were on level 2 of the Dungeon.
You visited 1 branch of the dungeon, and saw 2 of its levels.

You collected 80 gold pieces.

Inventory:

Hand Weapons
 a - a +0 war axe (weapon)
Armour
 b - a +0 scale mail (worn)
 c - a +0 buckler (worn)
Scrolls
 e - a scroll of identify {unknown}
 i - a scroll of torment {unknown}
Potions
 d - a potion of might
 f - 2 potions of cancellation {unknown}
 g - a potion of mutation {unknown}
 h - a potion of invisibility {unknown}


   Skills:
 + Level 3.2 Fighting
 + Level 2.3 Axes
 + Level 3.2 Armour
 + Level 3.2 Shields


You had one spell level left.
You didn't know any spells.
Your spell library contained the following spells:

 Spells                   Type           Power      Damage    Failure   Level
 Slow                     Hex            0%         N/A       89%         1
 Confusing Touch          Hex            0%         N/A       99%         3
 Sigil of Binding         Hex            0%         N/A       99%         3
 Vampiric Draining        Necr           0%         2d6       99%         3


Dungeon Overview and Level Annotations

Branches:
Dungeon (2/15)

Altars:


Innate Abilities, Weirdness & Mutations

You regain HP and MP as you explore.


Message History

h - an orange potion
There is a stone staircase leading up here.
A giant cockroach comes into view.
Found a scroll labelled NEDOSTR BUSCHIS.
Found a stone staircase leading up.
An endoplasm comes into view.
The endoplasm quivers.
There are monsters nearby!
There are monsters nearby!
You barely miss the giant cockroach. The giant cockroach barely misses you.
The giant cockroach bites you.
You slash the giant cockroach!
You kill the giant cockroach!
You barely miss the endoplasm. The endoplasm completely misses you.
An endoplasm is nearby!
You slash the endoplasm!
You kill the endoplasm!
i - a scroll labelled NEDOSTR BUSCHIS No target in view!
Found a stone staircase leading down.
No target in view!
An ogre comes into view. It is wielding a +0 giant club.
The ogre shouts!
An ogre is nearby!
Found a scale mail.
An ogre is nearby!
The ogre barely misses you.
You hit the ogre.
The ogre is lightly wounded.
The ogre hits you with a +0 giant club!!
Ouch! That really hurt!
* * * LOW HITPOINT WARNING * * *
You are too injured to fight recklessly!
You are too injured to fight recklessly!
You are too injured to fight recklessly!
The ogre attacks as it pursues you! The ogre hits you but does no damage.
The ogre attacks as it pursues you!
The ogre hits you with a +0 giant club!!
Ouch! That really hurt!
You die...

.. #.......# . #.......#
###......# #........# ###
#.#......# ...[.. #.#......#
...... ########........#
...... #####...............#
......##.......O@....>.....#
............................
............................
...........................
............###.......#####
............# ##......#
............# #......#
............# ##.....#
.#######....# #.....#


You could see an ogre.

Vanquished Creatures
  A ball python (D:1)
  2 endoplasms
  A giant cockroach (D:2)
  4 goblins (D:1)
  A hobgoblin (D:1)
  5 kobolds (D:1)
  A quokka (D:1)
  A bat (D:1)
  2 rats (D:1)
18 creatures vanquished.

Notes
Turn   | Place    | Note
-------+----------+-------------------------------------------
     0 | D:1      | Arctor the Human Fighter began the quest for the Orb.
     0 | D:1      | Reached XP level 1. HP: 18/18 MP: 1/1
   554 | D:1      | Found a faded altar of an unknown god.
   597 | D:1      | Reached XP level 2. HP: 23/24 MP: 2/2
  1334 | D:2      | Noticed an ogre
  1347 | D:2      | Demolished by an ogre

Illustrated notes

Levels and vault maps discovered:
D:1:      dpeg_arrival_circle_labyrinth_c, layout_loops_corners,
          shapermc_ecumenical_altar_notcrosses, grunt_decor_resistance
D:2:      layout_basic

Action                     || total
---------------------------++-------
  Melee: War axe           ||    54
 Armour: Scale mail        ||    39
  Dodge: Dodged            ||    28
  Block: Buckler           ||    13
